TOP OF THE 1ST |
Buffalo LightSabres batting - Pitching for Wilmington Rebels : RHP António Encarnación
|
Pitching: RHP António Encarnación
|
|
Batting: SHB Jason Mason
|
0-0: Ball 1-0: Foul Ball, location: 2F 1-1: Ground out 5-3 (Groundball, 56S)
|
Batting: RHB Gabriel Ángel
|
0-0: Called Strike 0-1: Swinging Strike 0-2: Strikes out swinging
|
Batting: LHB Garrett King
|
0-0: Called Strike 0-1: Swinging Strike 0-2: Foul Ball, location: 2F 0-2: Strikes out swinging
|
Top of the 1st over - 0 run(s), 0 hit(s), 0 error(s), 0 left on base; Buffalo 0 - Wilmington 0 |
BOTTOM OF THE 1ST |
Wilmington Rebels batting - Pitching for Buffalo LightSabres : RHP Howard Jewel
|
Pitching: RHP Howard Jewel
|
|
Batting: LHB Larry Smith
|
0-0: Swinging Strike 0-1: Foul Ball, location: 2F 0-2: Ball 1-2: Foul Ball, location: 2F 1-2: Fly out, F6 (Popup, 6M)
|
Batting: LHB Mario Álvarez
|
0-0: Ground out U3 (Groundball, 3)
|
Batting: RHB Remi Eruzione
|
0-0: Fly out, F9 (Flyball, 9S)
|
Bottom of the 1st over - 0 run(s), 0 hit(s), 0 error(s), 0 left on base; Buffalo 0 - Wilmington 0 |
TOP OF THE 2ND |
Buffalo LightSabres batting - Pitching for Wilmington Rebels : RHP António Encarnación
|
Batting: RHB John Warren
|
0-0: Ball 1-0: Fly out, F7 (Flyball, 7S)
|
Batting: LHB Craig Kenney
|
0-0: Called Strike 0-1: Ground out 4-3 (Groundball, 4)
|
Batting: LHB Leslie Adams
|
0-0: Fly out, F8 (Line Drive, 89M)
|
Top of the 2nd over - 0 run(s), 0 hit(s), 0 error(s), 0 left on base; Buffalo 0 - Wilmington 0 |
BOTTOM OF THE 2ND |
Wilmington Rebels batting - Pitching for Buffalo LightSabres : RHP Howard Jewel
|
Batting: RHB Eugene Allen
|
0-0: SINGLE (Line Drive, 6D)
|
Batting: RHB Al Reese
|
0-0: Called Strike 0-1: Swinging Strike 0-2: Ball 1-2: Ball 2-2: Foul Ball, location: 2F 2-2: Foul Ball, location: 2F 2-2: Fly out, F9 (Flyball, 89S)
|
Batting: RHB Juan Jose Mendoza
|
0-0: Ball 1-0: Called Strike 1-1: Called Strike 1-2: Ball Passed Ball! Eugene Allen to second 2-2: Strikes out swinging
|
Batting: RHB Sergio Moreno
|
0-0: Ball 1-0: Ball 2-0: Called Strike 2-1: Ball 3-1: Base on Balls
|
Batting: RHB Henry Dawson
|
0-0: Fly out, F7 (Flyball, 7LSF)
|
Bottom of the 2nd over - 0 run(s), 1 hit(s), 0 error(s), 2 left on base; Buffalo 0 - Wilmington 0 |
TOP OF THE 3RD |
Buffalo LightSabres batting - Pitching for Wilmington Rebels : RHP António Encarnación
|
Batting: RHB Jorge Castillo
|
0-0: Ball 1-0: Called Strike 1-1: Ball 2-1: Called Strike 2-2: Foul Ball, location: 2F 2-2: Ground out 6-3 (Groundball, 6)
|
Batting: RHB Augusto Padilla
|
0-0: Ball 1-0: Called Strike 1-1: Ball 2-1: Swinging Strike 2-2: Foul Ball, location: 2F 2-2: Ground out 6-3 (Groundball, 6S)
|
Batting: LHB Matt Ruskin
|
0-0: Called Strike 0-1: Fly out, F9 (Flyball, 9LM)
|
Top of the 3rd over - 0 run(s), 0 hit(s), 0 error(s), 0 left on base; Buffalo 0 - Wilmington 0 |
BOTTOM OF THE 3RD |
Wilmington Rebels batting - Pitching for Buffalo LightSabres : RHP Howard Jewel
|
Batting: RHB Andrew Deal
|
0-0: Called Strike 0-1: Ball 1-1: Bunted foul 1-2: Fly out, F7 (Line Drive, 7)
|
Batting: LHB Larry Smith
|
0-0: Ball 1-0: Ball 2-0: Called Strike 2-1: Ball 3-1: Foul Ball, location: 2F 3-2: Foul Ball, location: 2F 3-2: Base on Balls
|
Batting: LHB Mario Álvarez
|
0-0: Ball 1-0: Foul Ball, location: 2F 1-1: Fly out, F8 (Line Drive, 8RM)
|
Batting: RHB Remi Eruzione
|
0-0: Ball Larry Smith steals 2nd base 1-0: DOUBLE (Popup, 4MD) Larry Smith scores
|
Batting: RHB Eugene Allen
|
0-0: Ground out 5-3 (Groundball, 56)
|
Bottom of the 3rd over - 1 run(s), 1 hit(s), 0 error(s), 1 left on base; Buffalo 0 - Wilmington 1 |
TOP OF THE 4TH |
Buffalo LightSabres batting - Pitching for Wilmington Rebels : RHP António Encarnación
|
Batting: SHB Jason Mason
|
0-0: Called Strike 0-1: Ball 1-1: Ball 2-1: Foul Ball, location: 2F 2-2: Foul Ball, location: 2F 2-2: Strikes out swinging
|
Batting: RHB Gabriel Ángel
|
0-0: Called Strike 0-1: Ground out 4-3 (Groundball, 4)
|
Batting: LHB Garrett King
|
0-0: Fly out, F9 (Flyball, 9LS)
|
Top of the 4th over - 0 run(s), 0 hit(s), 0 error(s), 0 left on base; Buffalo 0 - Wilmington 1 |
BOTTOM OF THE 4TH |
Wilmington Rebels batting - Pitching for Buffalo LightSabres : RHP Howard Jewel
|
Batting: RHB Al Reese
|
0-0: Fly out, F6 (Popup, 6MD)
|
Batting: RHB Juan Jose Mendoza
|
0-0: Ball 1-0: Fly out, F8 (Flyball, 8RM)
|
Batting: RHB Sergio Moreno
|
0-0: Ground out 6-3 (Groundball, 6)
|
Bottom of the 4th over - 0 run(s), 0 hit(s), 0 error(s), 0 left on base; Buffalo 0 - Wilmington 1 |
TOP OF THE 5TH |
Buffalo LightSabres batting - Pitching for Wilmington Rebels : RHP António Encarnación
|
Batting: RHB John Warren
|
0-0: Ball 1-0: Ball 2-0: Foul Ball, location: 2F 2-1: Ball 3-1: SOLO HOME RUN (Flyball, 9D), Distance : 389 ft
|
Batting: LHB Craig Kenney
|
0-0: Called Strike 0-1: Ball 1-1: Called Strike 1-2: Foul Ball, location: 2F 1-2: Ball 2-2: Foul Ball, location: 2F 2-2: Fly out, F8 (Flyball, 89D)
|
Batting: LHB Leslie Adams
|
0-0: Swinging Strike 0-1: Ball 1-1: Ball 2-1: Ball 3-1: SINGLE (Groundball, 56D)
|
Batting: RHB Jorge Castillo
|
0-0: Foul Ball, location: 2F 0-1: Swinging Strike 0-2: Strikes out swinging
|
Batting: RHB Augusto Padilla
|
0-0: Ball 1-0: Ball 2-0: Called Strike 2-1: Ball 3-1: Foul Ball, location: 2F 3-2: Foul Ball, location: 2F 3-2: Foul Ball, location: 2F 3-2: Ground out 4-3 (Groundball, 4M)
|
Top of the 5th over - 1 run(s), 2 hit(s), 0 error(s), 1 left on base; Buffalo 1 - Wilmington 1 |
BOTTOM OF THE 5TH |
Wilmington Rebels batting - Pitching for Buffalo LightSabres : RHP Howard Jewel
|
Batting: RHB Henry Dawson
|
0-0: SINGLE (Flyball, 6MD)
|
Batting: RHB Andrew Deal
|
0-0: Called Strike 0-1: Called Strike 0-2: Ball 1-2: Ball 2-2: Strikes out swinging
|
Batting: LHB Larry Smith
|
0-0: Called Strike Henry Dawson steals 2nd base 0-1: Called Strike 0-2: Strikes out swinging
|
Batting: LHB Mario Álvarez
|
0-0: Ball 1-0: Ball 2-0: Hit by Pitch
|
Batting: RHB Remi Eruzione
|
0-0: Ball 1-0: Fly out, F8 (Flyball, 8LD)
|
Bottom of the 5th over - 0 run(s), 1 hit(s), 0 error(s), 2 left on base; Buffalo 1 - Wilmington 1 |
TOP OF THE 6TH |
Buffalo LightSabres batting - Pitching for Wilmington Rebels : RHP António Encarnación
|
Batting: LHB Matt Ruskin
|
0-0: DOUBLE (Groundball, 3L)
|
Batting: SHB Jason Mason
|
0-0: Hit by Pitch
|
Batting: RHB Gabriel Ángel
|
0-0: Ball 1-0: Called Strike 1-1: Ball 2-1: Swinging Strike 2-2: Ball 3-2: Base on Balls Matt Ruskin to third Jason Mason to second
|
Batting: LHB Garrett King
|
0-0: Called Strike 0-1: Swinging Strike 0-2: Ball 1-2: Strikes out swinging
|
Batting: RHB John Warren
|
0-0: Swinging Strike 0-1: Ball 1-1: Ball 2-1: Fly out, F9 (Flyball, 9LS) Runner from 3rd tags up, SCORES, no throw
|
Batting: LHB Craig Kenney
|
0-0: Ball 1-0: Called Strike 1-1: Ball 2-1: Foul Ball, location: 2F 2-2: Ball 3-2: Base on Balls Jason Mason to third Gabriel Ángel to second
|
Batting: LHB Leslie Adams
|
0-0: Ball 1-0: Foul Ball, location: 2F 1-1: Foul Ball, location: 2F 1-2: Ball 2-2: Strikes out swinging
|
Top of the 6th over - 1 run(s), 1 hit(s), 0 error(s), 3 left on base; Buffalo 2 - Wilmington 1 |
BOTTOM OF THE 6TH |
Wilmington Rebels batting - Pitching for Buffalo LightSabres : RHP Howard Jewel
|
Batting: RHB Eugene Allen
|
0-0: Ball 1-0: Foul Ball, location: 2F 1-1: Ground out 5-3 (Groundball, 56)
|
Batting: RHB Al Reese
|
0-0: Called Strike 0-1: Foul Ball, location: 2F 0-2: Ball 1-2: Ball 2-2: Strikes out swinging
|
Batting: RHB Juan Jose Mendoza
|
0-0: Ball 1-0: Called Strike 1-1: Foul Ball, location: 2F 1-2: SINGLE (Groundball, 6MD)
|
Batting: RHB Sergio Moreno
|
0-0: Ball 1-0: Ball 2-0: Swinging Strike 2-1: Foul Ball, location: 2F 2-2: Foul Ball, location: 2F 2-2: Ball 3-2: Fly out, F6 (Popup, 6MD)
|
Bottom of the 6th over - 0 run(s), 1 hit(s), 0 error(s), 1 left on base; Buffalo 2 - Wilmington 1 |
TOP OF THE 7TH |
Buffalo LightSabres batting - Pitching for Wilmington Rebels : RHP António Encarnación
|
Batting: RHB Jorge Castillo
|
0-0: Ball 1-0: Foul Ball, location: 2F 1-1: Foul Ball, location: 2F 1-2: Ball 2-2: Ball 3-2: Base on Balls
|
Pitching: RHP Edgar Martínez
|
|
Pinch Hitting: SHB Barrett Bowden
|
0-0: Bunted foul 0-1: Bunted foul 0-2: Foul Ball, location: 2F 0-2: Ball 1-2: Ball 2-2: Strikes out looking
|
Pitching: LHP Corey Moore
|
|
Pinch Hitting: RHB Mario Solís
|
0-0: Called Strike 0-1: Called Strike 0-2: Foul Ball, location: 2F 0-2: Ball 1-2: Strikes out swinging
|
Pitching: LHP Miguel Valentín
|
|
Batting: SHB Jason Mason
|
0-0: Ball 1-0: Ball 2-0: Called Strike 2-1: SINGLE (Groundball, 34S) (infield hit) Jorge Castillo to second
|
Batting: RHB Gabriel Ángel
|
0-0: Ball 1-0: Ball 2-0: Ball 3-0: Foul Ball, location: 2F 3-1: Called Strike 3-2: Strikes out swinging
|
Top of the 7th over - 0 run(s), 1 hit(s), 0 error(s), 2 left on base; Buffalo 2 - Wilmington 1 |
BOTTOM OF THE 7TH |
Wilmington Rebels batting - Pitching for Buffalo LightSabres : RHP Howard Jewel
|
Now at 2B: Barrett Bowden
|
|
Now at SS: Clifton Hampton
|
|
Batting: RHB Henry Dawson
|
0-0: Called Strike 0-1: Fly out, F7 (Flyball, 7LM)
|
Batting: RHB Andrew Deal
|
0-0: Foul Ball, location: 2F 0-1: Fly out, F8 (Flyball, 89M)
|
Batting: LHB Larry Smith
|
0-0: Called Strike 0-1: Foul Ball, location: 2F 0-2: Foul Ball, location: 2F 0-2: Ball 1-2: DOUBLE (Line Drive, 78D)
|
Batting: LHB Mario Álvarez
|
0-0: SINGLE (Line Drive, 8RS) Larry Smith to third Runner from 3rd tries for Home, SAFE, no throw
|
Pinch Hitting: RHB Jessie Thompson
|
0-0: Called Strike Mario Álvarez steals 2nd base 0-1: Swinging Strike 0-2: Ball 1-2: SINGLE (Groundball, 56D) Mario Álvarez to third Runner from 3rd tries for Home, SAFE, no throw
|
Pinch Hitting: RHB Víctor Márquez
|
0-0: Ball 1-0: Swinging Strike 1-1: Foul Ball, location: 2F 1-2: Foul Ball, location: 2F 1-2: Ball 2-2: Foul Ball, location: 2F 2-2: Foul Ball, location: 2F 2-2: Hit by Pitch Jessie Thompson to second
|
Pitching: RHP Travis Whitney
|
|
Pinch Hitting: LHB Juan Delgado
|
0-0: Ball 1-0: Fielders Choice at 2nd, 4-6 (Groundball, 4)
|
Bottom of the 7th over - 2 run(s), 3 hit(s), 0 error(s), 1 left on base; Buffalo 2 - Wilmington 3 |
TOP OF THE 8TH |
Buffalo LightSabres batting - Pitching for Wilmington Rebels : LHP Miguel Valentín
|
Now in LF: Jessie Thompson
|
|
Now in CF: León Gómez
|
|
Now in RF: Juan Delgado
|
|
Batting: LHB Garrett King
|
0-0: Called Strike 0-1: Foul Ball, location: 2F 0-2: Foul Ball, location: 2F 0-2: Ball 1-2: Strikes out looking
|
Pitching: RHP Kip Brown
|
|
Batting: RHB John Warren
|
0-0: Foul Ball, location: 2F 0-1: Ball 1-1: Ball 2-1: Swinging Strike 2-2: Fly out, F9 (Flyball, 9S)
|
Batting: LHB Craig Kenney
|
0-0: Foul Ball, location: 2F 0-1: DOUBLE (Line Drive, 7LM)
|
Pinch Hitting: LHB Rob Davidson
|
0-0: Swinging Strike 0-1: Called Strike 0-2: Fly out, F8 (Line Drive, 8LD)
|
Top of the 8th over - 0 run(s), 1 hit(s), 0 error(s), 1 left on base; Buffalo 2 - Wilmington 3 |
BOTTOM OF THE 8TH |
Wilmington Rebels batting - Pitching for Buffalo LightSabres : RHP Travis Whitney
|
Now in RF: Rob Davidson
|
|
Batting: RHB Juan Jose Mendoza
|
0-0: Called Strike 0-1: Ball 1-1: Ball 2-1: Ball 3-1: Fly out, F8 (Flyball, 8RM)
|
Batting: RHB Sergio Moreno
|
0-0: Ball 1-0: Swinging Strike 1-1: Ball 2-1: Ball 3-1: Base on Balls
|
Pinch Hitting: LHB Ivan Costello
|
0-0: Ground out 3-1 (Groundball, 34) Sergio Moreno to second
|
Pinch Hitting: LHB Pedro Medine
|
0-0: Foul Ball, location: 2F 0-1: Ball 1-1: SINGLE (Groundball, 34S) (infield hit) Sergio Moreno to third
|
Batting: LHB Larry Smith
|
0-0: Swinging Strike 0-1: Foul Ball, location: 2F 0-2: Foul Ball, location: 2F 0-2: SINGLE (Groundball, 34S) (infield hit) Sergio Moreno scores Pedro Medine to second
|
Batting: LHB Mario Álvarez
|
0-0: Foul Ball, location: 2F 0-1: Fly out, F9 (Flyball, 89M)
|
Bottom of the 8th over - 1 run(s), 2 hit(s), 0 error(s), 2 left on base; Buffalo 2 - Wilmington 4 |
TOP OF THE 9TH |
Buffalo LightSabres batting - Pitching for Wilmington Rebels : RHP Kip Brown
|
Pitching: RHP Jim Wilson
|
|
Now at 1B: Ivan Costello
|
|
Now at SS: Anastasio Movonda
|
|
Batting: RHB Jorge Castillo
|
0-0: Foul Ball, location: 2F 0-1: SINGLE (Groundball, 4MD)
|
Batting: SHB Barrett Bowden
|
0-0: Called Strike 0-1: DOUBLE (Line Drive, 9LM) Jorge Castillo to third
|
Pinch Hitting: RHB Peter Dixon
|
0-0: Called Strike 0-1: 3-RUN HOME RUN (Flyball, 8LXD), Distance : 419 ft
|
Pitching: RHP Leonardo De La Garza
|
|
Batting: SHB Jason Mason
|
0-0: Called Strike 0-1: Called Strike 0-2: Foul Ball, location: 2F 0-2: Ball 1-2: Foul Ball, location: 2F 1-2: Ball 2-2: Foul Ball, location: 2F 2-2: Foul Ball, location: 2F 2-2: Foul Ball, location: 2F 2-2: Ball 3-2: Ground out 6-3 (Groundball, 6MD)
|
Batting: RHB Gabriel Ángel
|
0-0: Ball 1-0: Ground out 6-3 (Groundball, 6)
|
Batting: LHB Garrett King
|
0-0: Ball 1-0: Ball 2-0: Called Strike 2-1: Swinging Strike 2-2: Foul Ball, location: 2F 2-2: Foul Ball, location: 2F 2-2: Strikes out looking
|
Top of the 9th over - 3 run(s), 3 hit(s), 0 error(s), 0 left on base; Buffalo 5 - Wilmington 4 |
BOTTOM OF THE 9TH |
Wilmington Rebels batting - Pitching for Buffalo LightSabres : RHP Travis Whitney
|
Pitching: RHP Domingo Rodríguez
|
|
Now at 2B: Huub Stolk
|
|
Now at 3B: Peter Dixon
|
|
Now in LF: Donato Gozende
|
|
Batting: RHB Jessie Thompson
|
0-0: Ground out 5-3 (Groundball, 56)
|
Batting: RHB León Gómez
|
0-0: Swinging Strike 0-1: Ground out 4-3 (Groundball, 4)
|
Batting: LHB Juan Delgado
|
0-0: SINGLE (Line Drive, 4M)
|
Batting: RHB Juan Jose Mendoza
|
0-0: Swinging Strike 0-1: Ball 1-1: Ball 2-1: Foul Ball, location: 2F 2-2: Foul Ball, location: 2F 2-2: Strikes out looking
|
Bottom of the 9th over - 0 run(s), 1 hit(s), 0 error(s), 1 left on base; Buffalo 5 - Wilmington 4 |
|